 Dungeon Crawl Stone Soup version 0.31-a0-277-g31ea1f65cc (webtiles) character file.

Game seed: 5474395241390886242

3563 lessens the Basher (level 9, -2/65 HPs)
             Began as an Armataur Delver on July 16, 2023.
             Was a High Priest of Okawaru.
             Killed by the air
             ... invoked by Gastronok
              (28 damage)
             ... on level 8 of the Dungeon.
             The game lasted 00:14:09 (7310 turns).

lessens the Basher (Armataur Delver)                Turns: 7310, Time: 00:14:10

Health: -2/65      AC: 11    Str: 25    XL:     9   Next: 83%
Magic:  12/12      EV:  8    Int:  6    God:    Okawaru [*****.]
Gold:   386        SH: 10    Dex: 12    Spells: 8/8 levels left

rFire   . . .        b - +0 whip (venom)
rCold   . . .        K - +0 tower shield
rNeg    . . .        z - +1 chain mail {rPois}
rPois   +            (no helmet)
rElec   +            (no cloak)
rCorr   .            C - +0 pair of gloves
SInv    .            (no barding)
Will    .....        j - amulet of regeneration Stlth
                     l - ring "Egaoxtuw" {rElec EV+5 Str+3 Int-2}
HPRegen 1.10/turn    (no ring)
MPRegen 0.13/turn

%: clarity, roll
@: slowed, very slow
A: large, rugged brown scales 3, deformed body, armoured tail, roll, long
tongue, awkward tongue, iridescent scales 1, clarity, dopey 1, frail 1,
MP-powered wands
a: Renounce Religion, Heroism, Finesse, Duel


You were on level 8 of the Dungeon.
You worshipped Okawaru.
Okawaru was extremely pleased with you.
You visited 1 branch of the dungeon, and saw 8 of its levels.
You also visited: Ossuary.

You collected 526 gold pieces.
You spent 140 gold pieces at shops.

Inventory:

Hand Weapons
 a - a +1 heavy flail
 b - a +0 whip of venom (weapon)
 h - a +0 mace
 J - a +0 mace of protection
Missiles
 i - 17 poisoned darts
 m - 54 stones
 q - 6 curare-tipped darts
 B - 4 silver javelins
 L - a boomerang
Armour
 z - a +1 chain mail of poison resistance (worn)
 C - a +0 pair of gloves (worn)
 E - a +0 leather armour
 I - a +0 buckler
 K - a +0 tower shield (worn)
Jewellery
 j - an amulet of regeneration (around neck)
 l - the ring "Egaoxtuw" (left hand) {rElec EV+5 Str+3 Int-2}
   (You found it on level 3 of the Dungeon)

   [ring of evasion]

   EV:        It affects your evasion (+5).
   Str:       It affects your strength (+3).
   Int:       It affects your intelligence (-2).
   rElec:     It insulates you from electricity.
 u - a ring of flight
Wands
 g - a wand of digging (3)
 s - a wand of polymorph (7)
 y - a wand of roots (8)
Scrolls
 c - 5 scrolls of fog
 d - 4 scrolls of identify
 e - 3 scrolls of fear
 k - 2 scrolls of teleportation
 n - 2 scrolls of blinking {unknown}
 o - a scroll of noise {unknown}
 t - 2 scrolls of brand weapon {unknown}
 F - 2 scrolls of amnesia {unknown}
 M - a scroll of enchant weapon {unknown}
Potions
 f - a potion of enlightenment
 p - 5 potions of curing
 r - a potion of attraction {unknown}
 w - a potion of degeneration
 x - a potion of brilliance
 A - a potion of lignification {unknown}
 D - 2 potions of haste
 G - 4 potions of mutation
 H - 2 potions of ambrosia


   Skills:
 - Level 2.6 Fighting
 * Level 12.3 Maces & Flails
 - Level 1.3 Dodging
 - Level 5.4 Stealth
 + Level 4.3 Invocations


You had 8 spell levels left.
You didn't know any spells.
Your spell library contained the following spells:

 Spells                   Type           Power      Damage    Failure   Level
 Magic Dart               Conj           0%         1d3       100%        1
 Sandblast                Erth           0%         2d4       100%        1
 Passwall                 Tmut/Erth      0%         N/A       100%        2
 Mephitic Cloud           Conj/Pois/Air  0%         N/A       100%        3
 Stone Arrow              Conj/Erth      0%         3d7       100%        3
 Call Imp                 Summ           Unusable   N/A       N/A         2

Dungeon Overview and Level Annotations

Branches:
Dungeon (8/15) Zot: 26638  Temple (0/1) D:7         Ossuary (visited)
   Lair: D:8-11

Altars:
Okawaru
Ru
Wu Jian

Shops:
D:5 !

Annotations:
D:8 Gastronok


Innate Abilities, Weirdness & Mutations

You are completely covered in rugged brown scales. (AC +3, +7% HP)
Armour fits poorly on your strangely shaped body.
You have a long armoured tail.
You roll when moving toward enemies. (Rampage)
Your long tongue fully drains potion bottles. (2x potion effects)
Your tongue gives you trouble enunciating. (1.5x scroll delay)
You are partially covered in iridescent scales. (AC +2)
You possess an exceptional clarity of mind.
You are dopey. (Int -2)
You are frail. (-10% HP)
You expend magic power (3 MP) to strengthen your wands.


Message History

Your +0 whip of venom begins to drip with poison!
b - a +0 whip of venom (weapon)
Gastronok looks at you while chanting.
You feel yourself slow down. You block Gastronok's attack.
You hit Gastronok but do no damage.
Gastronok looks even sicker.
Gastronok is lightly wounded.
Gastronok bites you!!
You whack Gastronok! You tail-slap Gastronok.
Gastronok is moderately wounded.
You hit Gastronok. You tail-slap Gastronok.
Gastronok is moderately wounded.
Gastronok sloshes about.
Gastronok bites you but does no damage.
You hit Gastronok but do no damage.
Gastronok looks as sick as possible!
Gastronok is moderately wounded.
You whack Gastronok! You tail-slap Gastronok.
Gastronok is heavily wounded.
Gastronok barely misses you.
You hit Gastronok but do no damage.
Gastronok looks as sick as possible!
Gastronok is heavily wounded.
You hit Gastronok but do no damage.
Gastronok is heavily wounded.
You block Gastronok's attack.
You whack Gastronok!
Gastronok looks as sick as possible!
Gastronok is heavily wounded.
Gastronok bites you!!
Gastronok bubbles merrily.
Things that are here:
a +0 trident; an orc corpse
Things that are here:
a +0 flail; a +0 short sword; a +0 ring mail
Things that are here:
a +0 mace; an orc corpse Gastronok waves his eye-stalks in wide circles.
The air twists around and strikes you!!
There is an escape hatch in the floor here.
Gastronok waves his eye-stalks in wide circles.
The air twists around and strikes you!!
You die...

..# #.# #.# #.#
#####.#### #........#
####### ####
#####.###.##.# #.....#
##...
...w..###.w.)####.###.#
#....
...#..##...#.))>@...#.#
#....
............)####.#.#.#
#.... .............#
#.....# ##...
......#.#.#### ###.###
##.# #.###.#.#.# ##.##
#.# #.. #.#.#.# #...#
#.# ... ....#.# #...#
#.# ### #.##... #...#
###.. #.# ... ##.##
#...#


You could see Gastronok (very poisoned).

Vanquished Creatures
  Pikel (D:6)
  4 yaks (D:8)
  An ice beast (D:6)
  2 water moccasins
  2 orc warriors
  2 black bears (D:4)
  A centaur (D:7)
  3 phantoms
  2 bullfrogs
  A gnoll sergeant (D:7)
  4 scorpions
  A centaur zombie (Ossuary)
  2 jellies
  4 orc priests
  6 hounds
  Jessica (D:2)
  Ijyb (D:5)
  Terence (D:2)
  A sleepcap (D:7)
  3 iguanas
  9 orc wizards
  2 mummies (Ossuary)
  9 gnolls
  7 adders
  2 shadow imps
  A white imp (D:5)
  5 adder zombies (Ossuary)
  8 dart slugs
  32 orcs
  6 ball pythons
  4 endoplasms
  4 giant cockroaches
  6 goblins
  8 hobgoblins
  3 quokkas
  4 bats
  14 frilled lizards
  8 hobgoblin zombies (Ossuary)
  A jackal zombie (Ossuary)
  4 kobolds
  10 kobold zombies (Ossuary)
  10 orc zombies (Ossuary)
  5 rats
  A rat zombie (Ossuary)
206 creatures vanquished.

Notes
Turn   | Place    | Note
-------+----------+-------------------------------------------
     0 | D:5      | lessens the Armataur Delver began the quest for the Orb.
     0 | D:5      | Reached XP level 1. HP: 19/19 MP: 1/1
    29 | D:5      | Found a sacrificial altar of Ru.
    38 | D:5      | Reached skill level 2 in Maces & Flails
   187 | D:4      | Noticed a scorpion
   207 | D:4      | Noticed a black bear
   229 | D:4      | Noticed a black bear
   266 | D:3      | Reached XP level 2. HP: 26/26 MP: 2/2
   592 | D:3      | Identified the ring "Egaoxtuw" {rElec EV+5 Str+3 Int-2}
   636 | D:3      | Reached skill level 3 in Maces & Flails
   640 | D:3      | Found an iron altar of Okawaru.
   658 | D:3      | Found an ornate altar of the Wu Jian Council.
   683 | D:3      | Became a worshipper of Warmaster Okawaru
   869 | D:2      | Reached XP level 3. HP: 32/32 MP: 3/3
  1224 | D:2      | Noticed Terence
  1795 | D:1      | Reached XP level 4. HP: 38/39 MP: 4/4
  1847 | D:1      | Reached skill level 4 in Maces & Flails
  2284 | D:3      | Gained mutation: You are frail. (-10% HP) [potion of
                  | mutation]
  2284 | D:3      | Gained mutation: You expend magic power (3 MP) to
                  | strengthen your wands. [potion of mutation]
  2284 | D:3      | Gained mutation: You possess an exceptional clarity of
                  | mind. [potion of mutation]
  2284 | D:3      | Gained mutation: You are dopey. (Int -2) [potion of
                  | mutation]
  2284 | D:3      | Gained mutation: You are partially covered in iridescent
                  | scales. (AC +2) [potion of mutation]
  2382 | D:3      | Reached XP level 5. HP: 40/40 MP: 5/5
  2905 | D:3      | Found an iron altar of Okawaru.
  2912 | D:3      | Found an ornate altar of the Wu Jian Council.
  3199 | D:3      | Reached skill level 5 in Maces & Flails
  3321 | D:4      | Reached * piety under Okawaru
  3341 | D:4      | Killed a black bear
  3342 | D:4      | Reached skill level 6 in Maces & Flails
  3342 | D:4      | Reached XP level 6. HP: 33/48 MP: 6/6
  3434 | D:4      | Reached ** piety under Okawaru
  3490 | D:4      | Reached skill level 7 in Maces & Flails
  3490 | D:4      | Reached XP level 7. HP: 54/54 MP: 7/7
  3904 | D:5      | Reached skill level 8 in Maces & Flails
  4052 | D:5      | Found Ylesso's Distillery.
  4082 | D:5      | Reached *** piety under Okawaru
  4094 | D:5      | Reached XP level 8. HP: 60/60 MP: 8/8
  4107 | D:5      | Bought a potion of heal wounds for 70 gold pieces
  4107 | D:5      | Bought a potion of degeneration for 14 gold pieces
  4107 | D:5      | Bought a potion of brilliance for 56 gold pieces
  4219 | D:5      | Noticed Ijyb
  4238 | D:5      | Killed Ijyb
  4362 | D:2      | Killed Terence
  4363 | D:2      | Reached skill level 9 in Maces & Flails
  4598 | D:2      | Noticed Jessica
  4606 | D:2      | Killed Jessica
  5233 | D:5      | Found the +1 Delatra's gloves {ID++}
  5383 | D:6      | Found a sand-covered staircase.
  5392 | Ossuary  | Entered an ossuary
  5716 | D:6      | Noticed Pikel
  5757 | D:6      | Killed Pikel
  5757 | D:6      | Reached **** piety under Okawaru
  5758 | D:6      | Reached skill level 10 in Maces & Flails
  5821 | D:6      | Reached XP level 9. HP: 65/65 MP: 9/9
  5827 | D:6      | Reached skill level 11 in Maces & Flails
  5882 | D:6      | Reached skill level 1 in Invocations
  6380 | D:7      | Found a staircase to the Ecumenical Temple.
  7101 | D:8      | Reached ***** piety under Okawaru
  7102 | D:8      | Reached skill level 12 in Maces & Flails
  7266 | D:8      | Noticed Gastronok
  7310 | D:8      | Killed from afar by Gastronok

Illustrated notes

Levels and vault maps discovered:
D:1:      lightli_arrival_statue_moat, layout_loops_corners, minmay_lizard_pond
D:2:      layout_basic, uniq_terence, uniq_jessica
D:3:      layout_basic, mainiacjoe_overflow_catwalk_spiral
D:4:      layout_cave_pools, grunt_ministairs_12
D:5:      layout_basic, mainiacjoe_overflow_concentric_impassable, serial_shops,
          nicolae_shop_industrial_runoff, moated_statue,
          pf_guarded_unrand_delatra, uniq_ijyb
D:6:      layout_rooms, nicolae_ossuary_entry_ruins, uniq_pikel
D:7:      layout_gridville, minmay_temple_entry_arrows
D:8:      layout_loops_corners, uniq_gastronok

Skill      XL: |  1  2  3  4  5  6  7  8  9 |
---------------+----------------------------+-----
Maces & Flails | 2 3 4 6 7 8 10 12 | 12.3
Invocations    | 4 |  4.3
Fighting       | |  2.6
Dodging        | |  1.3
Stealth        | |  5.4

Action                     |  1- 3 |  4- 6 |  7- 9 || total
---------------------------+-------+-------+-------++-------
  Melee: Mace              |    86 |   145 |   347 ||   578
         Tailslap          |     8 |    18 |    92 ||   118
         Punch             |     2 |     1 |     8 ||    11
         Whip              |       |       |   225 ||   225
         Flail             |       |       |     3 ||     3
    Use: Potion            |       |     3 |     2 ||     5
         Scroll            |       |       |     7 ||     7
   Stab: Sleeping          |    13 |     3 |     2 ||    18
 Armour: Leather armour    |    18 |    55 |    58 ||   131
         Chain mail        |       |       |   162 ||   162
  Dodge: Dodged            |    63 |   136 |   222 ||   421
  Block: Tower shield      |       |       |    31 ||    31
         Buckler           |       |       |     7 ||     7

Table legend: (Time is in decaauts)
 A = Elapsed time spent in this place.
 B = Non-inter-level travel time spent in this place.
 C = Inter-level travel time spent in this place.
 D = Time resting spent in this place.
 E = Time spent auto-exploring this place.
 F = Levels seen in this place.
 G = Mean time per level.
                   A        B        C        D        E       F      G
               +--------+--------+--------+--------+--------+-----+--------+
         Total |   7249 |   6744 |    505 |      0 |   4306 |   9 |  805.4 |
       Dungeon |   7001 |   6496 |    505 |      0 |   4302 |   8 |  875.1 |
       Ossuary |    248 |    248 |      0 |      0 |      4 |   1 |  248.0 |
               +--------+--------+--------+--------+--------+-----+--------+

Top non-repeatable levels by time:
     D:3: 1644 daAuts
     D:5: 1073 daAuts
     D:2: 989 daAuts
     D:1: 910 daAuts
     D:7: 861 daAuts
     D:4: 749 daAuts
     D:6: 412 daAuts
     D:8: 360 daAuts
 Ossuary: 248 daAuts

Levels and vault maps discovered:
D:1:      lightli_arrival_statue_moat, layout_loops_corners, minmay_lizard_pond
D:2:      layout_basic, uniq_terence, uniq_jessica
D:3:      layout_basic, mainiacjoe_overflow_catwalk_spiral
D:4:      layout_cave_pools, grunt_ministairs_12
D:5:      layout_basic, mainiacjoe_overflow_concentric_impassable, serial_shops,
          nicolae_shop_industrial_runoff, moated_statue,
          pf_guarded_unrand_delatra, uniq_ijyb
D:6:      layout_rooms, nicolae_ossuary_entry_ruins, uniq_pikel
D:7:      layout_gridville, minmay_temple_entry_arrows
D:8:      layout_loops_corners, uniq_gastronok
